 Dungeon Crawl Stone Soup version 0.31-a0-801-gc67433417a (webtiles) character file.

Game seed: 2812423847391406686

127 Essalna the Conjurer (level 4, 0/30 HPs)
             Began as a Demonspawn Conjurer on Sept 20, 2023.
             Succumbed to a kobold's poison
             ... on level 3 of the Dungeon.
             The game lasted 00:02:05 (2083 turns).

Essalna the Conjurer (Demonspawn Conjurer)          Turns: 2083, Time: 00:02:06

Health: 0/30       AC:  2    Str: 12    XL:     4   Next: 85%
Magic:  9/9        EV: 12    Int: 21    God:
Gold:   150        SH:  0    Dex: 17    Spells: 7/10 levels left

rFire   + . .        (no weapon)
rCold   . . .        (no shield)
rNeg    . . .        i - +0 robe of the Slorg {Rampage Str+4}
rPois   .            (no helmet)
rElec   .            (no cloak)
rCorr   .            (no gloves)
SInv    .            (no boots)
Will    .....        (no amulet)
Stlth   ++           e - ring of protection from fire
HPRegen 0.25/turn    h - +6 ring of dexterity
MPRegen 0.11/turn

%: rampage
@: lethally poisoned (0 -> -14)
A: powered by pain 1, spiny 2
a: no special abilities


You were on level 3 of the Dungeon.
You visited 1 branch of the dungeon, and saw 3 of its levels.

You collected 150 gold pieces.

Inventory:

Armour
 a - a +0 robe
 i - the +0 robe of the Slorg (worn) {Rampage Str+4}
   (You found it on level 2 of the Dungeon)

   Str+4:     It affects your strength (+4).
   Rampage:   It bestows one free step when moving towards enemies.
Jewellery
 e - a ring of protection from fire (left hand)
 h - a +6 ring of dexterity (right hand)
Scrolls
 c - 3 scrolls of identify {unknown}
 d - a scroll of blinking {unknown}
 g - a scroll of teleportation {unknown}
Potions
 b - 2 potions of magic
 f - 2 potions of might {unknown}


   Skills:
 - Level 1.7 Dodging
 - Level 1.7 Stealth
 + Level 3.6 Spellcasting
 + Level 5.2 Conjurations


You had 7 spell levels left.
You knew the following spells:

 Your Spells              Type           Power      Damage    Failure   Level
a - Magic Dart            Conj           100%       1d8       1%          1
b - Searing Ray           Conj           50%        2d6       2%          2

Your spell library contained the following spells:

 Spells                   Type           Power      Damage    Failure   Level
 Dazzling Flash           Conj/Hex       28%        N/A       13%         3
 Blink                    Tloc           6%         N/A       19%         2
 Fulminant Prism          Conj/Hex       7%         3d6       38%         4
 Iskenderun's Mystic Bla  Conj/Tloc      14%        2d5       38%         4
 Manifold Assault         Tloc           3%         N/A       77%         4


Dungeon Overview and Level Annotations

Branches:
Dungeon (3/15)

Altars:
Wu Jian

Shops:
D:3 !


Innate Abilities, Weirdness & Mutations

You sometimes gain a little power by taking damage.
You are mostly covered in sharp spines.


Message History

The orc hits you with a +0 hand axe.
The ball python bites you. x2; The orc closely misses you.
The ball python bites you. The orc is struck by your spines.
The orc barely misses you.
The ball python is struck by your spines.
You kill the ball python!
The jackal bites you. The orc is struck by your spines.
You kill the orc!
A kobold comes into view.
It is wielding a +2 dagger of venom and quivering poisoned darts.
The jackal bites you. The jackal misses you. The jackal closely misses you.
The jackal is struck by your spines. The jackal barely misses you.
The jackal barely misses you.
The jackal bites you but does no damage.
The jackal is struck by your spines. The jackal bites you.
The jackal closely misses you. The jackal misses you.
The jackal splashes around in the water.
The jackal bites you. The jackal is struck by your spines.
You kill the jackal!
The jackal is struck by your spines.
You kill the jackal!
The kobold shouts!
The kobold throws a poisoned dart.
The poisoned dart hits you.
You are poisoned.
You feel sick.
You feel sick.
You feel sick.
You feel sick.
You feel sick.
You are no longer poisoned.
The kobold throws a poisoned dart.
The poisoned dart hits you!
You are lethally poisoned!
* * * LOW HITPOINT WARNING * * *
You feel sick.
* * * LOW HITPOINT WARNING * * *
You feel sick.
The kobold hits you with a +2 dagger of venom.
* * * LOW HITPOINT WARNING * * *
You are more poisoned.
You die...

######## ##......#
...~..~.##
.~.~~~K@.##
≈~~~≈.†#..#
~~≈~~!~##.#####
~~~≈~.. #.....#
~.≈~~~~ #####.####
_.≈≈~~. #....#
♣.≈≈~~.######.##.#
≈~~≈~.~.......##.#
..#########.#


You could see a kobold.

Vanquished Creatures
  A phantom (D:2)
  2 adders (D:2)
  A dart slug (D:2)
  An orc (D:3)
  3 ball pythons
  2 endoplasms (D:1)
  A giant cockroach (D:2)
  A goblin (D:2)
  7 jackals
  3 kobolds
  3 bats (D:2)
  2 frilled lizards (D:1)
  2 rats (D:1)
29 creatures vanquished.

Notes
Turn   | Place    | Note
-------+----------+-------------------------------------------
     0 | D:1      | Essalna the Demonspawn Conjurer began the quest for the
                  | Orb.
     0 | D:1      | Reached XP level 1. HP: 13/13 MP: 3/3
   484 | D:1      | Gained mutation: You are partially covered in sharp spines.
                  | [demonic ancestry]
   484 | D:1      | Reached XP level 2. HP: 19/19 MP: 3/5
  1068 | D:2      | Found an ornate altar of the Wu Jian Council.
  1095 | D:2      | Gained mutation: You are mostly covered in sharp spines.
                  | [demonic ancestry]
  1095 | D:2      | Reached XP level 3. HP: 24/24 MP: 2/7
  1269 | D:2      | Learned a level 2 spell: Searing Ray
  1519 | D:2      | Identified the +0 robe of the Slorg {Rampage Str+4}
  1694 | D:2      | Noticed a phantom
  1708 | D:2      | Killed a phantom
  1709 | D:2      | Reached skill level 5 in Conjurations
  1709 | D:2      | Gained mutation: You sometimes gain a little power by
                  | taking damage. [demonic ancestry]
  1709 | D:2      | Reached XP level 4. HP: 15/30 MP: 1/9
  2024 | D:3      | Found Ynuzitaq's Distillery.
  2057 | D:3      | Found a faded altar of an unknown god.
  2083 | D:3      | Succumbed to a kobold's poison

Illustrated notes

Levels and vault maps discovered:
D:1:      dpeg_arrival_central, layout_loops_ring, bh_walls_and_bars
D:2:      layout_basic, basic_altar, minmay_tetromino_o4
D:3:      layout_rooms, serial_shops, shop, chequers_ecumenical_altar_island

Skill      XL: |  1  2  3 |
---------------+----------+-----
Spellcasting   | 3 |  3.6
Conjurations   | 5 |  5.2
Dodging        | |  1.7
Stealth        | |  1.7

Action                     |  1- 3 |  4- 6 || total
---------------------------+-------+-------++-------
  Melee: Unarmed           |    15 |     1 ||    16
   Cast: Magic Dart        |    41 |       ||    41
         Searing Ray       |     1 |       ||     1
 Armour: Robe              |    10 |    13 ||    23
  Dodge: Dodged            |    11 |    12 ||    23

Table legend: (Time is in decaauts)
 A = Elapsed time spent in this place.
 B = Non-inter-level travel time spent in this place.
 C = Inter-level travel time spent in this place.
 D = Time resting spent in this place.
 E = Time spent auto-exploring this place.
 F = Levels seen in this place.
 G = Mean time per level.
                   A        B        C        D        E       F      G
               +--------+--------+--------+--------+--------+-----+--------+
         Total |   2081 |   1991 |     90 |      0 |   1799 |   3 |  693.7 |
       Dungeon |   2081 |   1991 |     90 |      0 |   1799 |   3 |  693.7 |
               +--------+--------+--------+--------+--------+-----+--------+

Top non-repeatable levels by time:
     D:1: 1007 daAuts
     D:2: 999 daAuts
     D:3: 74 daAuts
